 Dungeon Sprint DCSS version 0.21.1-1-g345015f (webtiles) character file.

306 Melicamp the Fighter (level 6, -11/75 HPs)
             Began as a Troll Hunter on Apr 7, 2018.
             Was a Believer of Cheibriados.
             Mangled by a troll (14 damage)
             ... in the Dungeon (Sprint IX: "|||||||||||||||||||||||||||||").
             The game lasted 00:03:37 (227 turns).

Melicamp the Fighter (Troll Hunter)                  Turns: 227, Time: 00:03:38

Health: -11/75     AC:  5    Str: 25    XL:     6   Next: 16%
Magic:  2/5        EV: 12    Int: 11    God:    Cheibriados [**....]
Gold:   0          SH:  0    Dex: 19    Spells: 5/5 levels left

rFire    . . .     SeeInvis .     - Unarmed
rCold    . . .     Gourm    +   (no shield)
rNeg     . . .     Faith    .   b - +0 robe
rPois    .         Spirit   .   (helmet restricted)
rElec    .         Reflect  .   (no cloak)
rCorr    .         Harm     .   (gloves unavailable)
MR       .....     NoTele   +   (boots unavailable)
Stlth    ++........             (no amulet)
HPRegen  0.62/turn              p - +2 ring of evasion
MPRegen  0.09/turn              q - +3 ring of dexterity

@: very slow
A: large, unfitting armour, claws 3, fast metabolism 3, gourmand, regeneration
1, shaggy fur 1, tough skin 2
a: Bend Time, Renounce Religion


You were in the Dungeon.
You worshipped Cheibriados.
Cheibriados was pleased with you.
You were not hungry.

You visited 1 branch

Inventory:

Missiles
 c - 3 large rocks (quivered)
 d - 2 throwing nets
Armour
 b - a +0 robe (worn)
Jewellery
 p - a +2 ring of evasion (left claw)
   (You found it in the Dungeon)
 q - a +3 ring of dexterity (right claw)
   (You found it in the Dungeon)
Wands
 o - a wand of iceblast (10)
   (You found it in the Dungeon)
Scrolls
 k - 2 scrolls of blinking
 m - 3 scrolls of remove curse
 n - 2 scrolls of amnesia
Potions
 e - 5 potions of curing
 g - 3 potions of heal wounds
 i - 4 potions of magic
 l - a potion of invisibility
Comestibles
 f - 2 rations


   Skills:
 * Level 9.1 Fighting
 - Level 3.6 Throwing
 - Level 1.5 Dodging
 - Level 0.3 Stealth
 + Level 7.4 Unarmed Combat


You had 5 spell levels left.
You didn't know any spells.

Dungeon Overview and Level Annotations

Branches:
Dungeon (1/1)

Altars:
Cheibriados
Dithmenos
Elyvilon
Fedhas
Gozag
Hepliaklqana
Kikubaaqudgha
Makhleb
Nemelex Xobeh
Okawaru
Qazlal
Ru
Sif Muna
Trog
Uskayaw
Vehumet
Wu Jian
Xom
Yredelemnul
Zin
The Shining One
Beogh
Jiyva
Lugonu


Innate Abilities, Weirdness & Mutations

You are too large for most types of armour.
You have claws for hands.
Your metabolism is lightning-fast.
You like to eat raw meat.
Your natural rate of healing is unusually fast.
You are covered in fur. (AC +1)
You have very tough skin. (AC +2)


Message History

o - a wand of iceblast (10)
You see here an uncursed staff of energy.
Items here: ))))))
Okay, then.
You see here a +0 cloak.
You see here a +0 helmet.
You see here a +2 ring mail.
p - a +2 ring of evasion You see here a +2 ring mail.
q - a +3 ring of dexterity
p - a +2 ring of evasion (left claw) Unknown command.
You feel agile.
q - a +3 ring of dexterity (right claw)
You drop a potion of berserk rage.
You drop a potion of haste.
You drop a +0 short sword.
You open the door.
A water moccasin, 2 bullfrogs, a troll, a zombie and a howler monkey come into view.
The water moccasin hisses angrily.
The howler monkey howls!
The troll shouts!
The bullfrog croaks. x2
The bullfrog barely misses you.
You claw the bullfrog!
The bullfrog is moderately wounded.
The bullfrog hits you!
You completely miss the bullfrog.
The bullfrog is moderately wounded.
The bullfrog hits you!
The howler monkey hoots and howls with incredible vigour!
The bullfrog hits you.
You hear a shout!
You claw the bullfrog!
You kill the bullfrog!
Cheibriados thoroughly appreciates the change of pace.
Your Fighting skill increases to level 8!
Your Unarmed Combat skill increases to level 6!
The howler monkey hoots and howls with incredible vigour!
Okay, then.
Throwing (i - inventory. (,) - cycle):
c - 5 large rocks (quivered)
Press: ? - help, Shift-Dir - straight line, f - howler monkey
Aim: a howler monkey (catching its breath)
You throw a large rock. The large rock hits the howler monkey!!
You kill the howler monkey!
Cheibriados appreciates the change of pace.
Cheibriados slows and strengthens your metabolism.
Cheibriados raises the support of your attributes as your movement slows.
You claw the jackal zombie!
The jackal zombie is almost destroyed.
The jackal zombie barely misses you.
You mangle the jackal zombie!!
You destroy the jackal zombie!
Cheibriados thoroughly appreciates the change of pace.
Cheibriados raises the support of your attributes as your movement slows.
You claw the bullfrog!
The bullfrog is heavily wounded.
The bullfrog closely misses you. The bullfrog hits you.
You claw the bullfrog!
You kill the bullfrog!
Cheibriados thoroughly appreciates the change of pace.
Cheibriados raises the support of your attributes as your movement slows.
Your Fighting skill increases to level 9!
Your Unarmed Combat skill increases to level 7!
You have reached level 6!
Your experience leads to an increase in your attributes!
Your base attributes are Str 20, Int 7, Dex 11.
Increase (S)trength, (I)ntelligence, or (D)exterity?
You feel agile.
You feel stronger.
You closely miss the troll. The troll misses you. The troll claws you!
The troll barely misses you.
You claw the troll! Your claw misses the troll.
The troll is moderately wounded.
The troll closely misses you. The troll claws you. The troll misses you.
You completely miss the troll.
The troll is lightly wounded.
The troll barely misses you. The troll claws you but does no damage.
The troll completely misses you.
You scratch the troll but do no damage.
The troll is lightly wounded.
The troll misses you. The troll closely misses you. The troll claws you!
You claw the troll!
The troll is moderately wounded.
You barely miss the troll.
The troll is moderately wounded.
The troll misses you. The troll barely misses you. The troll claws you!
The flow of time bends around you.
The troll resists with some effort.
You feel slightly more hungry. The troll bites you!!
* * * LOW HITPOINT WARNING * * *
The troll claws you.
* * * LOW HITPOINT WARNING * * *
The troll claws you but does no damage.
Throwing (i - inventory. (,) - cycle):
c - 4 large rocks (quivered)
Press: ? - help, Shift-Dir - straight line, f - troll
Aim: a troll (moderately wounded)
You throw a large rock.
The large rock closely misses the troll.
The large rock hits the water moccasin!!
The water moccasin is severely wounded.
The troll closely misses you. The troll claws you but does no damage.
The troll closely misses you. The troll bites you!
You die...

▓.▓
▓.▓
▓.▓
▓.▓
▓.▓
▓S▓
▓T▓
▓@▓
▓.▓
▓[▓
▓[▓
▓[▓
▓)▓
▓|▓
▓.▓
▓.▓


You could see a troll and a water moccasin.

Vanquished Creatures
  2 bullfrogs (D)
  A scorpion (D)
  A howler monkey (D)
  2 hounds (D)
  A worker ant (D)
  A dart slug (D)
  A leopard gecko (D)
  3 goblins (D)
  A jackal zombie (D)
  A rat (D)
14 creatures vanquished.

Notes
Turn   | Place    | Note
-------+----------+-------------------------------------------
     0 | D        | Melicamp the Troll Hunter began the quest for the Orb.
     0 | D        | Reached XP level 1. HP: 19/19 MP: 0/0
    10 | D        | Reached skill level 2 in Fighting
    10 | D        | Reached skill level 1 in Unarmed Combat
    17 | D        | Reached skill level 3 in Fighting
    17 | D        | Reached skill level 2 in Unarmed Combat
    37 | D        | Noticed a worker ant
    37 | D        | Noticed a scorpion
    37 | D        | Noticed a hound
    37 | D        | Noticed a hound
    45 | D        | Killed a hound
    45 | D        | Reached skill level 4 in Fighting
    45 | D        | Reached skill level 3 in Unarmed Combat
    45 | D        | Reached XP level 2. HP: 32/33 MP: 1/1
    45 | D        | Reached XP level 3. HP: 38/40 MP: 2/2
    55 | D        | Reached skill level 5 in Fighting
    55 | D        | Reached skill level 4 in Unarmed Combat
    55 | D        | Reached XP level 4. HP: 34/50 MP: 3/3
    59 | D        | Reached skill level 6 in Fighting
    59 | D        | Reached skill level 5 in Unarmed Combat
    65 | D        | Reached skill level 7 in Fighting
    65 | D        | Reached XP level 5. HP: 35/62 MP: 4/4
   127 | D        | Found a roughly hewn altar of Beogh.
   127 | D        | Found a snail-covered altar of Cheibriados.
   127 | D        | Found a shadowy altar of Dithmenos.
   127 | D        | Found a white marble altar of Elyvilon.
   127 | D        | Found a blossoming altar of Fedhas.
   127 | D        | Found an opulent altar of Gozag.
   128 | D        | Found a hazy altar of Hepliaklqana.
   129 | D        | Found a viscous altar of Jiyva.
   130 | D        | Found an ancient bone altar of Kikubaaqudgha.
   131 | D        | Found a corrupted altar of Lugonu.
   132 | D        | Found a burning altar of Makhleb.
   133 | D        | Found a sparkling altar of Nemelex Xobeh.
   134 | D        | Found an iron altar of Okawaru.
   135 | D        | Found a stormy altar of Qazlal.
   150 | D        | Found a sacrificial altar of Ru.
   151 | D        | Found a deep blue altar of Sif Muna.
   152 | D        | Found a bloodstained altar of Trog.
   153 | D        | Found a hide-covered altar of Uskayaw.
   165 | D        | Became a worshipper of Cheibriados the Contemplative
   175 | D        | Found a radiant altar of Vehumet.
   176 | D        | Found an ornate altar of the Wu Jian Council.
   177 | D        | Found a shimmering altar of Xom.
   178 | D        | Found a basalt altar of Yredelemnul.
   179 | D        | Found a glowing silver altar of Zin.
   180 | D        | Found a glowing golden altar of the Shining One.
   211 | D        | Noticed a water moccasin
   211 | D        | Noticed a troll
   214 | D        | Reached skill level 8 in Fighting
   214 | D        | Reached skill level 6 in Unarmed Combat
   215 | D        | Reached * piety under Cheibriados
   219 | D        | Reached ** piety under Cheibriados
   219 | D        | Reached skill level 9 in Fighting
   219 | D        | Reached skill level 7 in Unarmed Combat
   219 | D        | Reached XP level 6. HP: 52/75 MP: 5/5
   226 | D        | HP: 6/75 [troll (19)]
   226 | D        | HP: 2/75 [troll (4)]
   227 | D        | Mangled by a troll

Skill      XL: |  1  2  3  4  5 |
---------------+----------------+-----
Fighting       | 4 5 7 9 |  9.1
Unarmed Combat | 3 4 5 7 |  7.4
Throwing       | |  3.6
Dodging        | |  1.5
Stealth        | |  0.3

Action                   |  1- 3 |  4- 6 || total
-------------------------+-------+-------++-------
Melee: Unarmed           |    27 |    23 ||    50
       Short sword       |     2 |       ||     2
       Punch             |     1 |       ||     1
Throw: Large rock        |       |     2 ||     2
Invok: Bend Time         |       |     1 ||     1
  Eat: Chunk             |       |     1 ||     1
Armor: Robe              |    11 |     3 ||    14
Dodge: Dodged            |    10 |    20 ||    30

Vault maps used:
D:        linesprint

Table legend:
 A = Turns spent in this place as a percentage of turns spent in the entire game.
 B = Non-inter-level travel turns spent in this place as a percentage of non-inter-level travel turns spent in the entire game.
 C = Inter-level travel turns spent in this place as a percentage of turns spent in this place.
 D = Turns resting spent in this place as a percentage of non-inter-level travel turns spent in this place.
 E = Turns spent auto-exploring this place as a percentage of non-inter-level travel turns spent in this place.
 F = Non-inter-level travel turns spent in this place divided by the number of levels of this place that you've seen.
                   A       B       C       D       E      F
               +-------+-------+-------+-------+-------+----------------------
         Total | 100.0 | 100.0 |   0.0 |  28.6 |   0.0 | 227.0
       Dungeon | 100.0 | 100.0 |   0.0 |  28.6 |   0.0 | 227.0
               +-------+-------+-------+-------+-------+----------------------

Table legend:
 A = Kills in this place as a percentage of kills in entire the game.
 B = Kills by you in this place as a percentage of kills by you in the entire game.
 C = Kills by friends in this place as a percentage of kills by friends in the entire game.
 D = Other kills in this place as a percentage of other kills in the entire game.
 E = Experience gained in this place as a percentage of experience gained in the entire game.
 F = Experience gained in this place divided by the number of levels of this place that you have seen.
                   A       B       C       D       E      F
               +-------+-------+-------+-------+-------+----------------------
         Total | 100.0 | 100.0 |   N/A |   N/A | 100.0 | 438.0
       Dungeon | 100.0 | 100.0 |   N/A |   N/A | 100.0 | 438.0
               +-------+-------+-------+-------+-------+----------------------
